 Dungeon Crawl Stone Soup version 0.22.0-75-g3901e7991e (webtiles) character file.

106 Kaderl the Covered (level 5, -1/41 HPs)
             Began as a Human Fighter on Sept 13, 2018.
             Slain by Purgy (2 damage)
             ... in a sewer.
             The game lasted 00:05:52 (2094 turns).

Kaderl the Covered (Human Fighter)                  Turns: 2094, Time: 00:05:52

Health: -1/41      AC:  7    Str: 23    XL:     5   Next: 10%
Magic:  5/5        EV:  7    Int:  8    God:
Gold:   135        SH: 10    Dex: 12    Spells: 4/4 levels left

rFire    . . .     SeeInvis +   a - +0 war axe
rCold    . . .     Gourm    .   c - +1 shield
rNeg     . . .     Faith    .   b - +0 scale mail
rPois    .         Spirit   .   (no helmet)
rElec    .         Reflect  .   (no cloak)
rCorr    .         Harm     .   (no gloves)
MR       .....                  (no boots)
Stlth    ..........             (no amulet)
HPRegen  0.13/turn              k - ring of see invisible
MPRegen  0.09/turn              (no ring)

@: mighty, very slow
A: no striking features
a: no special abilities


You were in a sewer.
You were not hungry.

You visited 1 branch of the dungeon, and saw 3 of its levels.
You also visited: Sewer.

You collected 135 gold pieces.

Inventory:

Hand Weapons
 a - a +0 war axe (weapon)
Armour
 b - a +0 scale mail (worn)
 c - a +1 shield (worn)
Jewellery
 e - an uncursed amulet of rage {unknown}
 k - a ring of see invisible (left hand)
 l - a cursed ring of teleportation {unknown}
Scrolls
 i - 2 scrolls of teleportation
 o - a scroll of enchant armour
Potions
 g - a potion of brilliance {unknown}
 h - 2 potions of magic {unknown}
 j - a potion of haste {unknown}
 m - 2 potions of curing {unknown}
Comestibles
 f - 2 rations


   Skills:
 + Level 3.5 Fighting
 + Level 3.2 Axes
 + Level 3.7 Armour
 + Level 0.6 Dodging
 + Level 0.3 Stealth
 + Level 3.4 Shields


You had 4 spell levels left.
You didn't know any spells.
Your spell library was empty.

Dungeon Overview and Level Annotations

Branches:
Dungeon (3/15)

Altars:
Ashenzari

Annotations:
Sewer Purgy


Message History

There is a gate leading back out of this place here.
You feel very mighty all of a sudden. You block Purgy's attack.
Purgy barely misses you. Purgy claws you.
* * * LOW HITPOINT WARNING * * *
You miss Purgy. Purgy barely misses you. You block Purgy's attack.
Purgy closely misses you.
You slash Purgy!
Purgy is moderately wounded.
Purgy bites you!
* * * LOW HITPOINT WARNING * * *
Purgy claws you but does no damage. x2; Purgy bites you.
* * * LOW HITPOINT WARNING * * *
Purgy claws you but does no damage. x2
You enter the shallow water.
Moving in this stuff is going to be slow.
Purgy barely misses you. Purgy closely misses you. Purgy barely misses you.
Purgy bites you.
* * * LOW HITPOINT WARNING * * *
You block Purgy's attack. Purgy claws you.
You die...

. ≈≈≈ ≈≈≈ ≈≈≈. ≈≈≈..
≈≈≈≈.## # ≈≈≈≈≈.≈## #
≈≈≈≈≈≈≈≈# ###
≈≈≈≈≈≈≈@### ### ##≈≈
≈≈≈≈≈≈≈≈T≈###.## #.≈≈
≈≈≈≈≈≈≈≈≈≈##.∩÷#######.≈
≈≈≈≈≈≈≈≈≈≈≈.≈≈≈≈..##..≈≈
≈≈≈≈≈≈≈≈≈≈≈.≈≈≈≈..##≈≈≈≈
≈≈≈≈≈≈≈≈≈≈≈≈≈≈≈≈≈≈≈.≈≈≈≈
≈≈≈≈≈≈≈≈≈≈≈≈≈≈≈≈≈≈≈≈≈≈≈≈
≈≈≈≈≈≈≈≈≈≈≈≈≈≈≈≈≈≈≈≈≈≈≈≈
≈#≈≈≈≈≈≈≈≈≈≈≈≈≈≈≈≈≈≈≈≈≈


You could see Purgy.

Vanquished Creatures
  Jessica (D:2)
  A gnoll (D:1)
  An adder (D:3)
  2 oozes (D:1)
  2 leopard geckos (D:2)
  5 ball pythons
  4 bats
  4 giant cockroaches
  3 goblins
  7 hobgoblins
  7 kobolds
  A quokka (D:2)
  5 frilled lizards
  8 rats
51 creatures vanquished.

Notes
Turn   | Place    | Note
-------+----------+-------------------------------------------
     0 | D:1      | Kaderl the Human Fighter began the quest for the Orb.
     0 | D:1      | Reached XP level 1. HP: 18/18 MP: 1/1
    99 | D:1      | Reached XP level 2. HP: 21/24 MP: 2/2
   359 | D:1      | Reached XP level 3. HP: 29/29 MP: 3/3
   865 | D:2      | Found a shattered altar of Ashenzari.
  1011 | D:2      | Reached XP level 4. HP: 35/35 MP: 4/4
  1502 | D:2      | Noticed Jessica
  1506 | D:2      | Killed Jessica
  1768 | D:3      | Found a glowing drain.
  1797 | D:3      | Reached XP level 5. HP: 15/41 MP: 5/5
  1812 | Sewer    | Entered a sewer
  2059 | Sewer    | Noticed Purgy
  2094 | Sewer    | HP: 1/41 [Purgy (3)]
  2094 | Sewer    | Slain by Purgy

Skill      XL: |  1  2  3  4 |
---------------+-------------+-----
Axes           | 3 |  3.2
Fighting       | |  3.5
Armour         | |  3.7
Dodging        | |  0.6
Stealth        | |  0.3
Shields        | |  3.4

Action                   |  1- 3 |  4- 6 || total
-------------------------+-------+-------++-------
Melee: War axe           |    87 |   103 ||   190
  Use: Scroll            |     4 |     1 ||     5
       Potion            |       |     1 ||     1
  Eat: Ration            |       |     2 ||     2
Armor: Scale mail        |    35 |    67 ||   102
Dodge: Dodged            |    25 |    40 ||    65
Block: Shield            |    49 |    67 ||   116
